 Dungeon Crawl Stone Soup version 0.29-a0-409-gd843f3a48c (webtiles) character file.

Game seed: 18110221079562388249

132 sammy202020 the Skirmisher (level 4, -2/41 HPs)
             Began as a Minotaur Fighter on May 13, 2022.
             Slain by Ijyb
             ... wielding a +0 dagger
              (4 damage)
             ... on level 4 of the Dungeon.
             The game lasted 00:04:16 (2175 turns).

sammy202020 the Skirmisher (Minotaur Fighter)       Turns: 2175, Time: 00:04:17

Health: -2/41      AC:  0    Str: 21    XL:     4   Next: 92%
Magic:  3/3        EV: 14    Int:  7    God:
Gold:   158        SH:  0    Dex:  9    Spells: 3/3 levels left

rFire   . . .      SeeInvis .   (weapon currently unavailable)
rCold   . . .      Faith    .   (shield currently unavailable)
rNeg    . . .      Spirit   .   (body armour currently unavailable)
rPois   .          Reflect  .   (helmet currently unavailable)
rElec   .          Harm     .   (cloak currently unavailable)
rCorr   .          Rampage  .   (gloves currently unavailable)
Will    .....                   (boots currently unavailable)
Stlth   +.........              (no amulet)
HPRegen 0.13/turn               (ring currently unavailable)
MPRegen 0.08/turn               (ring currently unavailable)

@: mighty, pig-form (expiring), very quick
A: fast, no casting, small, (horns 2), (retaliatory headbutt)
a: no special abilities


You were on level 4 of the Dungeon.
You were a filthy swine.
You visited 1 branch of the dungeon, and saw 4 of its levels.

You collected 158 gold pieces.

Inventory:

Hand Weapons
 a - a +0 war axe (melded)
 h - a +0 mace
 j - a +0 flail
Missiles
 n - 6 boomerangs (quivered)
Armour
 c - a +0 buckler (melded)
 o - a +0 chain mail (melded)
Jewellery
 i - a ring of ice
Scrolls
 b - a scroll of noise {unknown}
 f - 3 scrolls of teleportation {unknown}
 g - a scroll of fear {unknown}
 k - a scroll of blinking {unknown}
 p - a scroll of enchant weapon {unknown}
 q - a scroll of poison {unknown}
 r - a scroll of identify {unknown}
 s - a scroll of vulnerability {unknown}
Potions
 e - a potion of flight {unknown}
 l - a potion of lignification {unknown}
 m - a potion of cancellation {unknown}


   Skills:
 * Level 4.8 Fighting
 * Level 3.9 Axes
 + Level 4.1 Armour
 + Level 1.7 Dodging
 + Level 4.1 Shields


You had 3 spell levels left.
You didn't know any spells.
Your spell library contained the following spells:

 Spells                   Type           Power      Damage    Failure   Level
 Conjure Flame            Conj/Fire      0%         6-21      80%         3
 Ignite Poison            Fire/Tmut/Pois 0%         N/A       80%         3
 Sticky Flame             Conj/Fire      0%         2d3       99%         4


Dungeon Overview and Level Annotations

Branches:
Dungeon (4/15)
 Temple: D:4-7

Altars:
Kikubaaqudgha

Annotations:
D:4 Ijyb


Innate Abilities, Weirdness & Mutations

You are a filthy swine.
You move quickly.
Your equipment is almost entirely melded.
You are incapable of wielding weapons or throwing items.
You cannot cast spells.
((You have a pair of horns on your head.))
((You reflexively headbutt those who attack you in melee.))


Message History

Found two stone staircases leading down.
Found a sapphire potion.
Ijyb zaps a wand.
You turn into a filthy swine.
Your +0 war axe melds into your body.
Your +0 buckler melds into your body.
Your +0 chain mail melds into your body.
You hit Ijyb but do no damage. Ijyb misses you.
You hit Ijyb but do no damage.
Ijyb screams, "No!
No, no, no, no!"
Ijyb barely misses you.
You hit Ijyb but do no damage. Ijyb hits you with a +0 dagger.
Sorry, you're not good enough to have a special ability.
You feel very mighty all of a sudden. Ijyb hits you with a +0 dagger.
You barely miss Ijyb. Ijyb hits you with a +0 dagger.
You closely miss Ijyb. Ijyb hits you with a +0 dagger.
* * * LOW HITPOINT WARNING * * *
You barely miss Ijyb. Ijyb closely misses you.
You hit Ijyb but do no damage. Ijyb misses you.
You barely miss Ijyb. Ijyb hits you with a +0 dagger.
* * * LOW HITPOINT WARNING * * *
You hit Ijyb.
Ijyb is lightly wounded.
Ijyb hits you with a +0 dagger.
* * * LOW HITPOINT WARNING * * *
You hit Ijyb.
Ijyb is moderately wounded.
Your transformation is almost over.
You closely miss Ijyb.
Ijyb is moderately wounded.
Ijyb closely misses you.
You closely miss Ijyb.
Ijyb is moderately wounded.
Ijyb barely misses you.
You bite Ijyb!
Ijyb is almost dead.
Ijyb hits you with a +0 dagger.
* * * LOW HITPOINT WARNING * * *
You closely miss Ijyb.
Ijyb is almost dead.
Ijyb hits you with a +0 dagger.
You die...

#......!..
...>.....
.........
................#
........##.#....
..>.....##.#...
####..g........
.......h##.....
.##..##.##.....
...........#
......).##<#
.#....)....#
.....###)....#
.#.#. #....:# #..
##....# #..
#......


You could see Ijyb.

Vanquished Creatures
  2 adders
  4 gnolls
  3 dart slugs
  5 orcs (D:3)
  A ball python (D:1)
  7 bats
  4 endoplasms
  2 giant cockroaches
  4 goblins
  5 hobgoblins
  2 jackals (D:2)
  10 kobolds
  3 quokkas
  4 frilled lizards
  7 rats
63 creatures vanquished.

Notes
Turn   | Place    | Note
-------+----------+-------------------------------------------
     0 | D:1      | sammy202020 the Minotaur Fighter began the quest for the
                  | Orb.
     0 | D:1      | Reached XP level 1. HP: 19/19 MP: 0/0
   175 | D:1      | Reached XP level 2. HP: 25/27 MP: 1/1
   770 | D:2      | Reached XP level 3. HP: 33/33 MP: 2/2
   810 | D:2      | Found a faded altar of an unknown god.
   854 | D:2      | Reached skill level 1 in Dodging
  1472 | D:3      | Reached XP level 4. HP: 37/41 MP: 3/3
  1670 | D:3      | Found an ancient bone altar of Kikubaaqudgha.
  2153 | D:4      | Noticed Ijyb
  2174 | D:4      | HP: 2/41 [Ijyb/+0 dagger (5)]
  2175 | D:4      | Slain by Ijyb

Illustrated notes

Levels and vault maps discovered:
D:1:      enne_arrival_octagon_isle, layout_basic
D:2:      layout_loops_ring, dreamdust_ecumenical_altar_angels_and_demons,
          cheibrodos_gnoll_hut
D:3:      layout_basic, mainiacjoe_overflow_paths, kennysheep_generic_room_15
D:4:      kennysheep_spiral_hall, layout_basic, minivault_19, uniq_ijyb,
          uniq_sigmund

Skill      XL: |  1  2  3 |
---------------+----------+-----
Fighting       | 4 |  4.8
Axes           | 3 |  3.9
Dodging        | 1 |  1.7
Armour         | 4 |  4.1
Shields        | 4 |  4.1

Action                   |  1- 3 |  4- 6 || total
-------------------------+-------+-------++-------
Melee: War axe           |    71 |    51 ||   122
       Headbutt          |     5 |     3 ||     8
       Unarmed           |       |    14 ||    14
Throw: Boomerang         |       |     1 ||     1
  Use: Scroll            |     1 |       ||     1
       Potion            |       |     1 ||     1
Armor: Scale mail        |    33 |    11 ||    44
       Chain mail        |       |    33 ||    33
Dodge: Dodged            |    41 |    41 ||    82
Block: Buckler           |    13 |    11 ||    24

Table legend: (Time is in decaauts)
 A = Elapsed time spent in this place.
 B = Non-inter-level travel time spent in this place.
 C = Inter-level travel time spent in this place.
 D = Time resting spent in this place.
 E = Time spent auto-exploring this place.
 F = Levels seen in this place.
 G = Mean time per level.
                   A        B        C        D        E       F      G
               +--------+--------+--------+--------+--------+-----+--------+
         Total |   2219 |   2203 |     16 |      0 |   1666 |   4 |  554.8 |
       Dungeon |   2219 |   2203 |     16 |      0 |   1666 |   4 |  554.8 |
               +--------+--------+--------+--------+--------+-----+--------+

Top non-repeatable levels by time:
     D:2: 743 daAuts
     D:1: 727 daAuts
     D:3: 707 daAuts
     D:4: 40 daAuts
